 Dungeon Crawl Stone Soup version 0.15-a0-1253-g15b4f57 (webtiles) character file.

203 Psiweapon the Ruinous (level 5, 0/28 HPs)
             Began as a Deep Elf Conjurer on June 4, 2014.
             Was an Initiate of Dithmenos.
             Slain by a jelly (1 damage)
             ... on Level 3 of the Dungeon.
             The game lasted 00:09:13 (2830 turns).

Psiweapon the Ruinous (Deep Elf Conjurer)           Turns: 2830, Time: 00:09:13

HP   0/28        AC  2     Str  5      XL: 5   Next: 51%
MP  15/16        EV 14     Int 21      God: Dithmenos [......]
Gold 128         SH  0     Dex 15      Spells:  2 memorised,  7 levels left

rFire  . . .     SeeInvis .     j - +0 dagger
rCold  . . .     Clarity  .     a - +0 robe
rNeg   . . .     rCorr    .     (no shield)
rPois  .         rRot     .     (no helmet)
rElec  .         Spirit   .     (no cloak)
SustAb .         Warding  .     (no gloves)
rMut   .         Stasis   .     (no boots)
Gourm  .                        (no amulet)
MR     .....                    (no ring)
                                (no ring)

@: not resistant to hostile enchantments, fairly stealthy
A: no striking features
a: Renounce Religion


You were on level 3 of the Dungeon.
You worshipped Dithmenos.
Dithmenos was noncommittal.
You were not hungry.

You visited 1 branch of the dungeon, and saw 4 of its levels.

You collected 128 gold pieces.

Inventory:

Hand weapons
 j - a +0,+0 dagger (weapon)
 o - a +0,+0 dagger
Missiles
 i - 21 sling bullets
 v - 3 tomahawks (quivered)
Armour
 a - a +0 robe (worn)
 d - a cursed +0 buckler
Comestibles
 b - a bread ration
 q - a meat ration
 w - a rotting chunk of adder flesh
 x - a rotting chunk of giant gecko flesh
 z - a rotting chunk of quokka flesh
 A - 3 rotting chunks of hobgoblin flesh
Scrolls
 g - a scroll of teleportation {unknown}
 h - 3 scrolls of identify {unknown}
 k - a scroll of enchant weapon II {unknown}
 n - 2 scrolls of remove curse {unknown}
 s - a scroll of enchant weapon I {unknown}
Potions
 e - 4 potions of curing {unknown}
 f - a potion of magic {unknown}
 l - 3 potions of heal wounds {unknown}
 p - a potion of brilliance {unknown}
 r - a potion of beneficial mutation {unknown}
Books
 c - a book of Conjurations

   Spells                             Type                      Level
   *Magic Dart                        Conjuration                  1
   *Searing Ray                       Conjuration                  2
   Dazzling Spray                     Conjuration/Hexes            3
   Fulminant Prism                    Conjuration/Hexes            4
   Iskenderun's Mystic Blast          Conjuration                  4
   Iskenderun's Battlesphere          Conjuration/Charms           5


   Skills:
 + Level 4.4 Dodging
 + Level 4.0 Stealth
 - Level 3.2 Spellcasting
 + Level 5.9 Conjurations


You had 7 spell levels left.
You knew the following spells:

 Your Spells              Type           Power        Failure   Level  Hunger
a - Magic Dart            Conj           ####         1%          1    None
b - Searing Ray           Conj           ####..       1%          2    ##.....


Dungeon Overview and Level Annotations

Branches:
Dungeon (4/15)
 Temple: D:4-7

Altars:
Dithmenos
Kikubaaqudgha
Okawaru

Annotations:
D:4 Grinder


Message History

Press: ? - help, Shift-Dir - straight line, f - jelly
Aim: a jelly (hasn't noticed you)
The magic dart hits the jelly.
The jelly is lightly wounded.
The gnoll throws a throwing net.
The throwing net hits you.
You become entangled in the net!
You try to slip out of the net.
You struggle against the net.
You try to slip out of the net.
The gnoll barely misses you. The gnoll hits you with a flail.
You struggle against the net.
The gnoll hits you from afar with a halberd!
The gnoll barely misses you. The gnoll hits you with a flail!
* * * LOW HITPOINT WARNING * * *
The jelly closely misses you.
You slice the net and break free! The gnoll closely misses you.
The gnoll hits you from afar with a halberd.
* * * LOW HITPOINT WARNING * * *
The jelly hits you.
You die...

...
#.......#
#.......#
#.......# .
#.......#..#
#...>.....
#...Sg..#


#.KJggg.# #@# #.# #.# #.# ### #.## ... #..# ... ##.# .... #.# .... #.## .o.. You
could see a jelly, 4 gnolls, an adder and a kobold.

Vanquished Creatures
  The ghost of zhaba the Covered, an average GrFi of Okawaru (D:3)
  Terence (D:2)
  5 adders
  An inept feature mimic (D:2)
  4 giant geckos
  An ooze (D:1)
  3 orcs (D:3)
  2 giant cockroaches
  7 goblins
  4 hobgoblins
  A quokka (D:3)
  3 ball pythons (D:1)
  6 bats
  A giant newt (D:1)
  14 jackals
  3 kobolds (D:1)
  3 rats (D:1)
60 creatures vanquished.

Notes
Turn   | Place    | Note
--------------------------------------------------------------
     0 | D:1      | Psiweapon, the Deep Elf Conjurer, began the quest for the Orb.
     0 | D:1      | Reached XP level 1. HP: 10/10 MP: 5/5
   302 | D:1      | Reached XP level 2. HP: 15/15 MP: 1/8
   361 | D:1      | Reached skill level 5 in Conjurations
   801 | D:1      | Reached XP level 3. HP: 19/19 MP: 8/11
   805 | D:1      | Learned a level 2 spell: Searing Ray
  1078 | D:2      | Found a shadowy altar of Dithmenos.
  1078 | D:2      | Found an iron altar of Okawaru.
  1079 | D:2      | Found an ancient bone altar of Kikubaaqudgha.
  1085 | D:2      | Became a worshipper of Dithmenos the Shadowed
  1205 | D:2      | Noticed Terence
  1214 | D:2      | Killed Terence
  1368 | D:2      | Reached XP level 4. HP: 24/24 MP: 2/13
  2309 | D:4      | Noticed Grinder
  2487 | D:3      | Noticed zhaba's ghost (average GrFi)
  2501 | D:3      | Killed zhaba's ghost
  2501 | D:3      | Reached XP level 5. HP: 11/28 MP: 1/16
  2830 | D:3      | HP: 1/28 [gnoll/halberd (1)]
  2830 | D:3      | Slain by a jelly

Action                   |  1- 3 |  4- 6 || total
-------------------------+-------+-------++-------
Melee: Unarmed           |     7 |       ||     7
       Dagger            |    16 |     2 ||    18
 Cast: Magic Dart        |    63 |    31 ||    94
       Searing Ray       |     3 |    11 ||    14
